 Dungeon Crawl Stone Soup version 0.31-a0-233-g139696dc86 (webtiles) character file.

Game seed: 2464366985878522739

67 qw the Shooter (level 4, 0/26 HPs)
             Began as a Gargoyle Hexslinger on July 8, 2023.
             Slain by an orc priest
             ... wielding a +0 flail
              (8 damage)
             ... on level 2 of the Dungeon.
             The game lasted 00:00:43 (1750 turns).

qw the Shooter (Gargoyle Hexslinger)                Turns: 1750, Time: 00:00:44

Health: 0/26       AC:  8    Str: 12    XL:     4   Next: 18%
Magic:  5/5        EV: 10    Int: 13    God:
Gold:   103        SH:  0    Dex: 14    Spells: 4/5 levels left

rFire   . . .        Y - +1 sling
rCold   . . .        (no shield)
rNeg    + . .        g - +0 ring mail
rPois   inf          (no helmet)
rElec   +            (no cloak)
rCorr   +            (no gloves)
SInv    .            (no boots)
Will    .....        (no amulet)
Stlth   +            e - ring of resist corrosion
HPRegen 0.24/turn    (no ring)
MPRegen 0.09/turn

%: no passive effects
@: no status effects
A: sickness immunity, AC +3, negative energy resistance 1, electricity
resistance, torment resistance 1, petrification resistance
a: no special abilities


You were on level 2 of the Dungeon.
You visited 1 branch of the dungeon, and saw 3 of its levels.

You collected 103 gold pieces.


Innate Abilities, Weirdness & Mutations

You are immune to sickness and miasma.
Your stone body is resilient. (AC +3)
You are immune to poison.
You resist negative energy. (rN+)
You are resistant to electric shocks. (rElec)
You are resistant to unholy torment.
You are immune to petrification.


   Skills:
 - Level 2.0 Fighting
 - Level 4.0 Ranged Weapons
 + Level 0.2 Armour
 - Level 1.5 Dodging
 - Level 1.0 Spellcasting
 - Level 2.6 Hexes


You had 4 spell levels left.
You knew the following spells:

 Your Spells              Type           Power      Damage    Failure   Level
a - Slow                  Hex            28%        N/A       22%         1

Your spell library contained the following spells:

 Spells                   Type           Power      Damage    Failure   Level
 Inner Flame              Hex/Fire       4%         N/A       73%         3
 Portal Projectile        Hex/Tloc       8%         N/A       73%         3
 Cause Fear               Hex            3%         N/A       91%         4

Inventory:

Hand Weapons
 Y - a +1 sling (weapon)
Armour
 g - a +0 ring mail (worn)
Jewellery
 e - a ring of resist corrosion (left hand)
Potions
 b - a potion of might {unknown}
 d - a potion of brilliance {unknown}
 i - a potion of curing {unknown}

Dungeon Overview and Level Annotations

Branches:
Dungeon (3/15)

Altars:
Ashenzari
Ru


Message History

The orc priest mumbles some strange prayers to Beogh against you.
You barely resist.
The orc priest invokes the aid of Beogh against you.
Beogh smites you!
Ouch! That really hurt!
There is a stone staircase leading up here.
1686 ||| STAIRDANCE You climb upwards.
There is a stone staircase leading down here.
You start resting.
HP restored.
Done exploring.
(D) Dungeon
Where to? (* - list waypoints, Enter - D:3, ? - help)
What level of the Dungeon? (default 1, ? - help)
You climb downwards.
There is a stone staircase leading up here.
An orc priest is nearby!
You shoot a sling bullet. The sling bullet hits the orc priest.
The orc priest is heavily wounded.
The orc priest hits you but does no damage.
You shoot a sling bullet.
The sling bullet hits the orc priest but does no damage.
The orc priest is heavily wounded.
The orc priest misses you.
You shoot a sling bullet.
The sling bullet barely misses the orc priest.
The orc priest calls down the wrath of Beogh upon you.
Beogh smites you!
1747 ||| STAIRDANCE The orc priest hits you with a +0 flail!
You climb upwards.
There is a stone staircase leading down here.
You shoot a sling bullet. The sling bullet hits the orc priest.
The orc priest is severely wounded.
The orc priest completely misses you. The orc priest closely misses you.
You shoot a sling bullet.
The sling bullet closely misses the orc priest.
The orc priest hits you with a +0 flail!
You die...

......~.~~P.7#######
######......########
##...............###
............####.###
...###...#######.################
#### #...~P#####.####...........#
##...~~.......#.....#######.#
#####~~..~77####.o#<#.#.### #.#
...#7P...~~77#..@.........# #.#
.777~~~..~~~~7.#..#.#.#.#%# #.#
7~P~~~...~~P~77#(.#..(..#.# #.#
7~~~~~....~~P77..)###.###.## #.#
7~~~~~~...~~777#..# #.##...####.#
7~~~~~~...~P777#.## #...........#
7~~P~~~....~~77..# ###.....#####
~P~~~P~~...~~7...# #.....#
.7P~~~P...~P77...# #....##


You could see an orc priest.

Vanquished Creatures
  2 adders
  3 orcs (D:3)
  6 endoplasms
  A giant cockroach (D:1)
  2 goblins
  7 hobgoblins
  2 quokkas (D:2)
  11 ball pythons
  A bat (D:1)
  5 kobolds
  4 rats
44 creatures vanquished.

Notes
Turn   | Place    | Note
-------+----------+-------------------------------------------
     0 | D:1      | qw the Gargoyle Hexslinger began the quest for the Orb.
     0 | D:1      | Reached XP level 1. HP: 12/12 MP: 2/2
     0 | D:1      | 0 ||| qw: Version: 0.3-a-46-gb1f654a
     0 | D:1      | 0 ||| qw: Game counter: 3530
     0 | D:1      | 0 ||| qw: Melee chars always use a shield: true
     0 | D:1      | 0 ||| qw: God list: Okawaru
     0 | D:1      | 0 ||| qw: Allow faded altars: false
     0 | D:1      | 0 ||| qw: Do Orc after clearing Dungeon:15 true
     0 | D:1      | 0 ||| qw: Do second Lair branch before Depths: true
     0 | D:1      | 0 ||| qw: Lair rune preference: random
     0 | D:1      | 0 ||| qw: Goals: Normal
     0 | D:1      | 0 ||| PLANNING D:1-11
    63 | D:1      | HP: 2/12 [hobgoblin (3)]
   174 | D:1      | Reached XP level 2. HP: 16/16 MP: 3/3
   403 | D:1      | Reached skill level 3 in Ranged Weapons
   640 | D:1      | 640 ||| UPGRADING to +0 leather armour.
   650 | D:1      | 650 ||| DROPPING +0 robe.
   651 | D:1      | 651 ||| UPGRADING to +0 ring mail.
   661 | D:1      | 661 ||| DROPPING +0 leather armour.
   662 | D:1      | 662 ||| UPGRADING to ring of resist corrosion.
   663 | D:1      | 663 ||| READING scroll labelled VOBIEL KANIDD.
   764 | D:1      | 764 ||| DROPPING scroll of poison.
   796 | D:2      | Found a faded altar of an unknown god.
   843 | D:2      | Reached XP level 3. HP: 21/21 MP: 4/4
   853 | D:2      | Found a sacrificial altar of Ru.
  1346 | D:2      | 1346 ||| READING scroll labelled KUTOIL OFOPS.
  1347 | D:2      | 1347 ||| READING scroll labelled FUPUYT JOKA.
  1348 | D:2      | 1348 ||| READING scroll labelled DOKLOO LEOZEL.
  1352 | D:2      | 1352 ||| READING scroll labelled XAICHAPSUROECS.
  1439 | D:3      | Found a broken altar of Ashenzari.
  1540 | D:3      | Reached XP level 4. HP: 26/26 MP: 5/5
  1579 | D:3      | Reached skill level 4 in Ranged Weapons
  1582 | D:3      | 1582 ||| FLEEEEING.
  1584 | D:3      | 1584 ||| FLEEEEING.
  1585 | D:3      | 1585 ||| FLEEEEING.
  1587 | D:3      | 1587 ||| FLEEEEING.
  1588 | D:3      | 1588 ||| FLEEEEING.
  1589 | D:3      | 1589 ||| FLEEEEING.
  1590 | D:3      | 1590 ||| FLEEEEING.
  1591 | D:3      | 1591 ||| STAIRDANCE
  1656 | D:3      | 1656 ||| STAIRDANCE
  1686 | D:3      | 1686 ||| STAIRDANCE
  1747 | D:3      | 1747 ||| STAIRDANCE
  1750 | D:2      | Slain by an orc priest

Levels and vault maps discovered:
D:1:      saegor_arrival_simple_e, layout_loops_cross
D:2:      layout_loops_ring, serial_bayou, serial_bayou_pond_a,
          serial_bayou_ford_a, serial_bayou_shore_b, serial_bayou_pond_e,
          basic_altar, shapermc_ecumenical_altar_venn
D:3:      layout_rooms, grunt_temple_overflow_open, fountainhead

Skill      XL: |  1  2  3  4 |
---------------+-------------+-----
Ranged Weapons | 3 4 |  4.0
Fighting       | 2 |  2.0
Armour         | |  0.2
Dodging        | |  1.5
Spellcasting   | |  1.0
Hexes          | |  2.6

Action                     |  1- 3 |  4- 6 || total
---------------------------+-------+-------++-------
   Fire: Sling             |   127 |    32 ||   159
    Use: Scroll            |     5 |       ||     5
 Armour: Robe              |    14 |       ||    14
         Ring mail         |    12 |    12 ||    24
  Dodge: Dodged            |    38 |    12 ||    50

Table legend:
 A = Non-vault XP
 B = Vault XP
 C = Vault XP percentage of total XP
 D = Non-vault monster count
 E = Vault monster count
 F = Vault count percentage of total count
                 A         B        C        D         E       F
            +---------+---------+-------+---------+---------+-------
      Total |      97 |       0 |   0.0 |      44 |       0 |   0.0
            +---------+---------+-------+---------+---------+-------
        D:1 |      29 |       0 |   0.0 |      20 |       0 |   0.0
        D:2 |      28 |       0 |   0.0 |      10 |       0 |   0.0
        D:3 |      40 |       0 |   0.0 |      14 |       0 |   0.0
            +---------+---------+-------+---------+---------+-------
